 Dungeon Crawl Stone Soup version 0.31-a0-1616-gbeaec30b81 (webtiles) character file.

Game seed: 5526318971826604156

2418 Ajfallout3 the Carver (level 9, -7/65 (74) HPs)
             Began as a Minotaur Gladiator on Jan 10, 2024.
             Was an Initiate of Makhleb.
             Mangled by a two-headed ogre
             ... wielding a +0 giant spiked club
              (12 damage)
             ... on level 8 of the Dungeon.
             The game lasted 00:56:05 (7043 turns).

Ajfallout3 the Carver (Minotaur Gladiator)          Turns: 7043, Time: 00:56:07

HP:   -7/65 (74)    AC: 16    Str: 28    XL:     9   Next: 24%
MP:   0/8           EV: 14    Int:  5    God:    Makhleb [......]
Gold: 397           SH:  0    Dex: 13    Spells: 8/8 levels left

rFire   . . .        C - +8 trident (venom)
rCold   . . .        (no shield)
rNeg    . . .        m - +0 plate armour
rPois   .            c - +0 hat
rElec   .            (no cloak)
rCorr   .            f - +0 pair of gloves
SInv    .            r - +0 pair of boots
Will    .....        u - amulet of guardian spirit Stlth
                     A - +6 ring of strength
HPRegen 0.30/turn    s - +5 ring of evasion
MPRegen 0.11/turn

%: guardian spirit
@: heavily drained
A: horns 2, retaliatory headbutt, high MP 1
a: Renounce Religion


You were on level 8 of the Dungeon.
You worshipped Makhleb.
Makhleb was noncommittal.
You visited 2 branches of the dungeon, and saw 9 of its levels.

You collected 397 gold pieces.

Inventory:

Hand Weapons
 j - a +1 vampiric trident
 k - a +1 long sword of freezing
 p - a +2 war axe of flaming
 C - a +8 trident of venom (weapon)
Missiles
 e - a javelin
 l - 13 poisoned darts
Armour
 c - a +0 hat (worn)
 f - a +0 pair of gloves (worn)
 i - a +0 ring mail
 m - a +0 plate armour (worn)
 r - a +0 pair of boots (worn)
 F - +0 swamp dragon scales
Jewellery
 o - a ring of see invisible
 s - a +5 ring of evasion (right hand)
 u - an amulet of guardian spirit (around neck)
 A - a +6 ring of strength (left hand)
 B - a ring of willpower
Wands
 w - a wand of polymorph (5)
 D - a wand of quicksilver (9) (quivered)
Scrolls
 a - a scroll of fear {unknown}
 q - 3 scrolls of teleportation
 t - a scroll of poison {unknown}
 x - a scroll of fog
 y - 2 scrolls of amnesia {unknown}
 E - a scroll of noise
Potions
 b - 3 potions of curing
 g - a potion of cancellation
 h - a potion of degeneration
 n - a potion of ambrosia
 v - 2 potions of heal wounds
 z - a potion of might
 G - a potion of haste


   Skills:
 + Level 5.3 Fighting
 + Level 9.1 Long Blades
 + Level 4.2(4.5) Axes
 + Level 2.1(3.4) Polearms
 + Level 3.3 Throwing
 + Level 8.4 Armour
 + Level 3.9 Dodging
 + Level 1.3 Stealth
 + Level 1.7 Evocations


You had 8 spell levels left.
You didn't know any spells.
Your spell library contained the following spells:

 Spells                   Type           Power      Damage    Failure   Level
 Kiss of Death            Conj/Necr      0%         2d5       99%         1
 Confusing Touch          Hex            0%         N/A       100%        3
 Animate Armour           Summ/Erth      0%         N/A       100%        4
 Dispel Undead            Necr           0%         3d6       100%        4
 Olgreb's Toxic Radiance  Alch           0%         N/A       100%        4
 Summon Lightning Spire   Summ/Air       0%         N/A       100%        4
 Lee's Rapid Deconstruct  Erth           0%         3d4*      100%        5
 Ozocubu's Refrigeration  Ice            0%         4d7       100%        7
 Discord                  Hex            0%         N/A       100%        8


Dungeon Overview and Level Annotations

Branches:
Dungeon (8/15)             Temple (1/1) D:5
   Lair: D:8-11

Altars:
Ashenzari
Cheibriados
Dithmenos
Elyvilon
Fedhas
Gozag
Hepliaklqana
Makhleb
Nemelex Xobeh
Okawaru
Qazlal
Ru
Sif Muna
Trog
Uskayaw
Vehumet
Wu Jian
Xom
Yredelemnul
Zin
The Shining One


Innate Abilities, Weirdness & Mutations

You have a pair of horns on your head.
You reflexively headbutt those who attack you in melee.
You have an increased reservoir of magic. (+10% MP)


Message History

You climb downwards.
The black bear growls angrily.
You hear two shouts!
A two-headed ogre comes into view.
It is wielding a +0 giant spiked club and a +0 giant club.
There is a stone staircase leading up here.
The black bear bites you but does no damage.
The black bear closely misses you.
The black bear claws you but does no damage.
You see here a +0 club.
You puncture the black bear!
The black bear is poisoned.
The black bear is heavily wounded.
The black bear bites you. The black bear closely misses you. x2
You puncture the black bear!
The black bear looks as sick as possible!
The black bear is severely wounded.
The black bear completely misses you. You furiously retaliate!
You headbutt the black bear!
You kill the black bear!
Makhleb accepts your kill.
Your base Polearms skill increases to level 2!
The two-headed ogre attacks as it pursues you!
The two-headed ogre hits you with a +0 giant spiked club!!
The two-headed ogre hits you with a +0 giant club!
You see here a black bear corpse.
You puncture the two-headed ogre!
The two-headed ogre looks as sick as possible!
You headbutt the two-headed ogre!
The two-headed ogre is heavily wounded.
The two-headed ogre hits you with a +0 giant spiked club!
* * * LOW HITPOINT WARNING * * *
The two-headed ogre completely misses you.
You hit the two-headed ogre but do no damage.
The two-headed ogre looks as sick as possible!
The two-headed ogre is heavily wounded.
You barely miss the two-headed ogre.
Your headbutt misses the two-headed ogre.
The two-headed ogre is heavily wounded.
The two-headed ogre hits you with a +0 giant spiked club!
* * * LOW HITPOINT WARNING * * *
The two-headed ogre hits you with a +0 giant club!
You die...

#..#...# ##....... #### #....
... .... ..# #..####.# #..# #.#
#....##.# #..####.## #<##.##.#
..#...)<# #.##.##.# #.#.##..#
#.......# #.#.##O@# ###...###
##..[.[..# #...######
#######........# #.........
#.....#.##.#...# #####...#####.
#.....#.##.#...###...........#
#..........##..................
#.....#.#####.####...........#.
#.....#.......# #####.......>.
#############.# #...######


You could see a two-headed ogre (extremely poisoned).

Vanquished Creatures
  Maggie (D:6)
  A wyvern (D:7)
  Menkaure (D:5)
  Duvessa (D:7)
  2 water moccasins
  2 ice beasts
  2 black bears
  An ogre (D:6)
  A centaur (D:7)
  Blork the orc (D:6)
  A gnoll sergeant (D:7)
  A scorpion (D:5)
  Dowan (D:7)
  A bombardier beetle (D:5)
  2 hounds
  6 jellies
  2 orc priests
  A gnoll bouda (D:4)
  An iguana (D:4)
  2 orc wizards
  16 gnolls
  4 adders
  A shadow imp (D:5)
  2 ufetubi (D:5)
  2 dart slugs
  3 ribbon worms
  25 orcs
  4 ball pythons
  17 endoplasms
  4 giant cockroaches
  3 goblins
  8 hobgoblins
  13 kobolds
  4 quokkas
  2 bats
  4 frilled lizards
  A rat (D:1)
144 creatures vanquished.

Notes
Turn   | Place    | Note
-------+----------+-------------------------------------------
     0 | D:1      | Ajfallout3 the Minotaur Gladiator began the quest for the
                  | Orb.
     0 | D:1      | Reached XP level 1. HP: 18/18 MP: 0/0
   198 | D:1      | Reached XP level 2. HP: 23/25 MP: 1/1
   446 | D:1      | Reached skill level 4 in Long Blades
  1053 | D:2      | Reached XP level 3. HP: 27/30 MP: 2/2
  1991 | D:3      | Reached skill level 1 in Armour
  2385 | D:3      | Reached skill level 5 in Long Blades
  2385 | D:3      | Reached XP level 4. HP: 32/37 MP: 3/3
  2533 | D:3      | Found an ornate altar of the Wu Jian Council.
  2533 | D:3      | Found a glowing golden altar of the Shining One.
  2533 | D:3      | Found a sparkling altar of Nemelex Xobeh.
  2533 | D:3      | Found a burning altar of Makhleb.
  2533 | D:3      | Found a radiant altar of Vehumet.
  2533 | D:3      | Found a hazy altar of Hepliaklqana.
  2542 | D:3      | Reached XP level 5. HP: 15/42 MP: 1/4
  2545 | D:3      | HP: 1/42 [acid (4)]
  2633 | D:3      | Became a worshipper of Vehumet
  2833 | D:4      | Reached skill level 6 in Long Blades
  2839 | D:4      | Reached XP level 6. HP: 41/51 MP: 3/5
  2981 | D:4      | Reached * piety under Vehumet
  2981 | D:4      | Offered knowledge of Shock by Vehumet.
  3248 | D:5      | Entered Level 5 of the Dungeon
  3269 | D:5      | Reached skill level 1 in Evocations
  3272 | D:5      | Found a staircase to the Ecumenical Temple.
  3418 | D:5      | Noticed Menkaure
  3431 | D:5      | Killed Menkaure
  3432 | D:5      | Reached skill level 7 in Long Blades
  3432 | D:5      | Reached XP level 7. HP: 21/57 MP: 3/6
  3813 | D:5      | Reached skill level 5 in Armour
  4572 | Temple   | Entered the Ecumenical Temple
  4698 | D:6      | Noticed Blork the orc
  4698 | D:6      | Noticed Maggie
  4714 | D:6      | Killed Maggie
  4715 | D:6      | Reached skill level 8 in Long Blades
  4715 | D:6      | Reached XP level 8. HP: 21/67 MP: 2/7
  4721 | D:6      | Killed Blork the orc
  4934 | D:6      | Found a shimmering altar of Xom.
  5030 | D:6      | Fell from the grace of Vehumet
  5030 | D:6      | Became a worshipper of Xom the Begetter of Turbulence
  5108 | D:6      | XOM: silly message
  5110 | D:6      | XOM: potion effect (brilliance)
  5111 | D:6      | XOM: potion effect (might)
  5114 | D:6      | Reached skill level 1 in Axes
  5122 | D:6      | Reached skill level 1 in Stealth
  5359 | D:6      | Found a burning altar of Makhleb.
  5359 | D:6      | Found a radiant altar of Vehumet.
  5359 | D:6      | Found an opulent altar of Gozag.
  5369 | D:6      | Fell from the grace of Xom
  5369 | D:6      | Became a worshipper of Makhleb the Destroyer
  5587 | D:7      | Identified the +5 leather armour "Jucuidd" {rF- MP+9 Str+8
                  | Dex+3}
  5652 | D:7      | Reached skill level 5 in Fighting
  5652 | D:7      | Reached skill level 9 in Long Blades
  5887 | D:7      | XOM: draining
  6116 | D:7      | XOM: summons 3 hostile shadow creatures
  6368 | D:7      | Noticed Duvessa
  6369 | D:7      | Noticed Dowan
  6373 | D:7      | Killed Duvessa
  6375 | D:7      | Killed Dowan
  6376 | D:7      | Reached XP level 9. HP: 65/72 MP: 8/8
  6539 | D:7      | XOM: give mutation
  6539 | D:7      | Gained mutation: You have an increased reservoir of magic.
                  | (+10% MP) [Xom's mischief]
  6614 | D:7      | XOM: torment (41/74 hp)
  6752 | D:8      | Reached skill level 1 in Polearms
  6863 | D:8      | XOM: 1-stop teleportation journey
  6921 | D:8      | XOM: draining
  6960 | D:8      | XOM: summons 5 hostile demons
  6961 | D:8      | Noticed a hellwing
  7035 | D:8      | Noticed a two-headed ogre
  7043 | D:8      | Mangled by a two-headed ogre

Illustrated notes

Levels and vault maps discovered:
D:1:      lightli_arrival_maybe_door_vault, layout_loops_cross
D:2:      layout_loops_corners
D:3:      cheibrodos_fertilizer, layout_basic
D:4:      layout_cave_pools, serial_column_ruins, column_ruins_pillar_8,
          column_ruins_pillar_1, column_ruins_pillar_10, column_ruins_pillar_1,
          column_ruins_pillar_1, column_ruins_pillar_4, column_ruins_pillar_8,
          column_ruins_pillar_7, column_ruins_pillar_4, column_ruins_pillar_1,
          column_ruins_pillar_2, column_ruins_pillar_4, column_ruins_pillar_2,
          column_ruins_pillar_1, column_ruins_pillar_1, column_ruins_pillar_11,
          guppyfry_early_lair_pool
D:5:      layout_layer_cave, minmay_temple_entry_waves, uniq_menkaure
D:6:      layout_loops_ring, lemuel_tele_altar, gammafunk_temple_overflow_claw,
          serial_glass, glass_columns_b, glass_columns_b, glass_columns_b,
          glass_columns_b, solitary_fountain, uniq_blork_the_orc, uniq_maggie
D:7:      layout_gridville, uniq_duvessa
D:8:      layout_loops_cross, chequers_temple_overflow_statue_of_worship,
          minmay_ruined_shrine, uniq_psyche
Temple:   compressed_dpeg_triangle_lava_temple

Skill      XL: |  1  2  3  4  5  6  7  8  9 |
---------------+----------------------------+-----
Long Blades    | 4 5 6 7 8 9 |  9.1
Armour         | 1 2 3 4 6 8 |  8.4
Fighting       | 3 4 5 |  5.3
Evocations     | 1 |  1.7
Throwing       | 3 |  3.3
Axes           | 3 4 |  4.2
Stealth        | 1 |  1.3
Polearms       | 2 |  2.1
Dodging        | |  3.9

Action                     |  1- 3 |  4- 6 |  7- 9 || total
---------------------------+-------+-------+-------++-------
  Melee: Long sword        |    89 |   104 |    36 ||   229
         Headbutt          |    13 |    21 |    20 ||    54
         Punch             |     2 |     1 |       ||     3
         War axe           |       |       |    34 ||    34
         Trident           |       |       |    34 ||    34
  Throw: Dart              |     3 |       |       ||     3
         Javelin           |     8 |     3 |       ||    11
         Throwing net      |     2 |     2 |     5 ||     9
  Evoke: Wand              |       |     6 |    14 ||    20
    Use: Scroll            |     2 |     6 |     5 ||    13
         Potion            |       |     2 |     2 ||     4
   Stab: Held in net/web   |       |       |     1 ||     1
 Armour: Leather armour    |     9 |       |       ||     9
         Ring mail         |    19 |       |       ||    19
         Plate armour      |    18 |    72 |   143 ||   233
  Dodge: Dodged            |    54 |    58 |   124 ||   236

Table legend: (Time is in decaauts)
 A = Elapsed time spent in this place.
 B = Non-inter-level travel time spent in this place.
 C = Inter-level travel time spent in this place.
 D = Time resting spent in this place.
 E = Time spent auto-exploring this place.
 F = Levels seen in this place.
 G = Mean time per level.
                   A        B        C        D        E       F      G
               +--------+--------+--------+--------+--------+-----+--------+
         Total |   7081 |   3780 |   3301 |    517 |   2116 |   9 |  786.8 |
       Dungeon |   6987 |   3779 |   3208 |    517 |   2116 |   8 |  873.4 |
        Temple |     94 |      1 |     93 |      0 |      0 |   1 |   94.0 |
               +--------+--------+--------+--------+--------+-----+--------+

Top non-repeatable levels by time:
     D:5: 1340 daAuts
     D:7: 1247 daAuts
     D:1: 981 daAuts
     D:2: 966 daAuts
     D:6: 835 daAuts
     D:3: 778 daAuts
     D:4: 549 daAuts
     D:8: 288 daAuts
  Temple: 94 daAuts
